 Dungeon Crawl Stone Soup version 0.22.1-2-g9c5b331 (webtiles) character file.

449 dvd the Chopper (level 6, 0/52 HPs)
             Began as a Minotaur Gladiator on Nov 29, 2018.
             Killed from afar by an orc wizard (8 damage)
             ... with a magic dart
             ... on level 3 of the Dungeon.
             The game lasted 00:05:50 (3579 turns).

dvd the Chopper (Minotaur Gladiator)                Turns: 3579, Time: 00:05:51

Health: 0/52       AC:  4    Str: 19    XL:     6   Next: 74%
Magic:  5/5        EV: 14    Int: 10    God:
Gold:   187        SH:  0    Dex: 13    Spells: 5/5 levels left

rFire    . . .     SeeInvis .   k - -1 flail (curse)
rCold    + . .     Gourm    .   (no shield)
rNeg     . . .     Faith    .   b - +0 leather armour
rPois    .         Spirit   .   c - +1 hat
rElec    .         Reflect  .   (no cloak)
rCorr    .         Harm     .   (no gloves)
MR       .....                  (no boots)
Stlth    +.........             g - amulet of rage
HPRegen  0.17/turn              e - ring of protection from cold
MPRegen  0.09/turn              (no ring)

@: brilliant
A: retaliatory headbutt, horns 2
a: Evoke Berserk Rage


You were on level 3 of the Dungeon.
You were hungry.

You visited 1 branch of the dungeon, and saw 4 of its levels.

You collected 187 gold pieces.

Inventory:

Hand Weapons
 a - a +0 war axe
 j - a +0 mace
 k - a cursed -1 flail (weapon)
Missiles
 d - 3 throwing nets (quivered)
Armour
 b - a +0 leather armour (worn)
 c - a +1 hat (worn)
Jewellery
 e - a ring of protection from cold (left hand)
 g - an amulet of rage (around neck)
 l - an uncursed ring of ice
Scrolls
 i - 4 scrolls of identify
Potions
 h - a potion of curing
 m - a potion of ambrosia {unknown}
 n - 2 potions of brilliance
Comestibles
 f - 7 rations


   Skills:
 + Level 4.1 Fighting
 + Level 5.5(6.0) Axes
 + Level 3.5(5.0) Maces & Flails
 + Level 2.1 Throwing
 + Level 3.2 Armour
 + Level 4.4 Dodging
 + Level 1.0 Stealth


You had 5 spell levels left.
You didn't know any spells.
Your spell library was empty.

Dungeon Overview and Level Annotations

Branches:
Dungeon (4/15)
 Temple: D:4-7

Altars:


Innate Abilities, Weirdness & Mutations

You reflexively headbutt those who attack you in melee.
You have a pair of horns on your head.


Message History

Something tries to affect you, but you resist.
The orc priest mumbles some strange prayers to Beogh against you.
Pain shoots through your body!
The orc hits you from afar with a spear.
* * * LOW HITPOINT WARNING * * *
You feel better. Something hits you but does no damage.
The orc completely misses you.
Unknown command.
It was a potion of brilliance.
You feel clever all of a sudden. Something hits you.
The orc priest invokes the aid of Beogh against you.
Beogh smites you!
* * * LOW HITPOINT WARNING * * *
The orc hits you but does no damage.
You fail to use your ability.
You hear some strange, mumbled words.
A magic dart appears from out of thin air!
The magic dart hits you!
You die...

#...#.#.#.#,*,#.#.#.#.# #.#
#...#.#.#.#,*.#.#...#.# #..
#...#.#...#,#.#.......######.
#######.#.#####,#.#.......#......
........#..,,,,,#o#......,#.####.
...####.###*****#.#.....,,,,* #.
...# #.# #.#...,,,**** #. )..#
#.#########.#.############# ...#
#.........@................ ...#
##########{................ ####
#.o)#########..... #
#)..'.......'..... #
#...#.....###..... #
#####.....#*#####. #
*,,.........,,*#. #
*,...#'#....,,*#. #
*....#.#,...,,*#.


You could see an orc priest and an orc.

Vanquished Creatures
  An ogre (D:4)
  A scorpion (D:4)
  2 crimson imps
  2 orc priests (D:4)
  An orc wizard (D:4)
  A worker ant (D:4)
  Robin (D:2)
  3 adders
  An ooze (D:1)
  2 worms (D:2)
  3 dart slugs
  2 leopard geckos (D:1)
  6 orcs
  8 bats
  2 giant cockroaches (D:1)
  13 goblins
  9 hobgoblins
  A jackal (D:1)
  10 kobolds
  3 quokkas
  5 frilled lizards
  A quokka skeleton (D:3)
  4 rats
82 creatures vanquished.

Notes
Turn   | Place    | Note
-------+----------+-------------------------------------------
     0 | D:1      | dvd the Minotaur Gladiator began the quest for the Orb.
     0 | D:1      | Reached XP level 1. HP: 18/18 MP: 0/0
   260 | D:1      | Reached skill level 4 in Axes
   299 | D:1      | Reached XP level 2. HP: 25/25 MP: 1/1
  1011 | D:1      | Reached XP level 3. HP: 28/30 MP: 2/2
  1254 | D:2      | Noticed Robin
  1274 | D:2      | Killed Robin
  1274 | D:2      | Reached skill level 1 in Armour
  1531 | D:2      | Reached XP level 4. HP: 30/38 MP: 3/3
  1970 | D:2      | Reached skill level 5 in Axes
  2419 | D:4      | Reached XP level 5. HP: 31/45 MP: 4/4
  2432 | D:4      | Reached skill level 1 in Maces & Flails
  2555 | D:4      | Noticed an ogre
  2566 | D:4      | Killed an ogre
  2566 | D:4      | Reached XP level 6. HP: 17/52 MP: 5/5
  3383 | D:3      | Reached skill level 1 in Stealth
  3579 | D:3      | Killed from afar by an orc wizard

Skill      XL: |  1  2  3  4  5  6 |
---------------+-------------------+-----
Axes           | 4 5 |  5.5
Armour         | 1 2 3 |  3.2
Fighting       | 3 4 |  4.1
Maces & Flails | 2 3 |  3.5
Dodging        | 4 |  4.4
Stealth        | 1 |  1.0
Throwing       | |  2.1

Action                   |  1- 3 |  4- 6 || total
-------------------------+-------+-------++-------
Melee: War axe           |    96 |    10 ||   106
       Headbutt          |    19 |    17 ||    36
       Flail             |       |   116 ||   116
  Use: Scroll            |       |     4 ||     4
       Potion            |       |     2 ||     2
 Stab: Sleeping          |       |     2 ||     2
  Eat: Chunk             |     2 |     6 ||     8
Armor: Leather armour    |    15 |    27 ||    42
Dodge: Dodged            |    60 |   105 ||   165
